 Dungeon Crawl Stone Soup version 0.22-a0-776-ge6d7efa (webtiles) character file.

39 Hebeh the Firebug (level 3, -1/19 HPs)
             Began as a Deep Elf Fire Elementalist on July 18, 2018.
             Slain by a hobgoblin
             ... wielding a +0 club
              (5 damage)
             ... on level 2 of the Dungeon.
             The game lasted 00:05:22 (1138 turns).

Hebeh the Firebug (Deep Elf Fire Elementalist)      Turns: 1138, Time: 00:05:22

Health: -1/19      AC:  5    Str:  5    XL:     3   Next: 26%
Magic:  1/9        EV: 13    Int: 20    God:
Gold:   55         SH:  0    Dex: 15    Spells: 2/8 levels left

rFire    . . .     SeeInvis .   e - +0 dagger
rCold    . . .     Gourm    .   (no shield)
rNeg     . . .     Faith    .   a - +0 robe
rPois    .         Spirit   .   (no helmet)
rElec    .         Reflect  .   (no cloak)
rCorr    .         Harm     .   (no gloves)
MR       .....                  g - +2 pair of boots
Stlth    ++........             (no amulet)
HPRegen  0.06/turn              (no ring)
MPRegen  0.11/turn              (no ring)

@: no status effects
A: no striking features
a: no special abilities


You were on level 2 of the Dungeon.
You were hungry.

You visited 1 branch of the dungeon, and saw 2 of its levels.

You collected 55 gold pieces.

Inventory:

Hand Weapons
 e - a +0 dagger (weapon)
Missiles
 h - 21 stones (quivered)
 k - a throwing net
 l - 24 arrows
Armour
 a - a +0 robe (worn)
 g - a +2 pair of boots (worn)
Jewellery
 m - an uncursed ring of fire {unknown}
Scrolls
 d - 2 scrolls of identify {unknown}
 i - a scroll of teleportation {unknown}
 n - a scroll of immolation {unknown}
Potions
 b - a potion of degeneration {unknown}
 j - a potion of lignification {unknown}
Comestibles
 c - 4 rations
 f - 2 chunks of flesh


   Skills:
 - Level 2.9 Dodging
 - Level 3.0 Stealth
 + Level 3.4 Spellcasting
 * Level 1.9 Conjurations
 + Level 3.6 Fire Magic


You had 2 spell levels left.
You knew the following spells:

 Your Spells              Type           Power        Failure   Level  Hunger
a - Flame Tongue          Conj/Fire      ##...        4%          1    None
b - Throw Flame           Conj/Fire      ##....       7%          2    ##.....
c - Conjure Flame         Conj/Fire      ##......     13%         3    ###....

Your spell library contained the following spells:

 Spells                   Type           Power        Failure   Level  Hunger
 Fireball                 Conj/Fire      ##........   77%         5    ######.
 Sticky Flame             Conj/Fire      ##......     41%         4    ####...
 Inner Flame              Hex/Fire       ##......     19%         3    ###....


Dungeon Overview and Level Annotations

Branches:
Dungeon (2/15)

Altars:


Message History

The jackal bites you but does no damage.
The hobgoblin hits you with a club.
You hit the hobgoblin.
The hobgoblin is moderately wounded.
The jackal closely misses you. The jackal bites you.
You hit the hobgoblin but do no damage.
The hobgoblin is moderately wounded.
The hobgoblin hits you but does no damage.
The jackal bites you but does no damage.
You hit the hobgoblin.
The hobgoblin is heavily wounded.
The hobgoblin hits you with a club.
* * * LOW HITPOINT WARNING * * *
The jackal closely misses you.
You hit the hobgoblin but do no damage.
The hobgoblin is heavily wounded.
The jackal barely misses you.
A leopard gecko comes into view.
The hobgoblin hits you with a club.
You die...

. ..#
#######....#
#rh@<.......
#.g#####.###
#(. #.. #(.
#.( #.l #..


You could see a leopard gecko (wandering), a jackal, a hobgoblin and a rat.

Vanquished Creatures
  5 dart slugs (D:1)
  3 goblins (D:1)
  2 hobgoblins (D:1)
  3 jackals (D:2)
  A ball python (D:1)
  5 bats (D:1)
  A frilled lizard (D:1)
  6 kobolds
  3 rats (D:1)
29 creatures vanquished.

Notes
Turn   | Place    | Note
-------+----------+-------------------------------------------
     0 | D:1      | Hebeh the Deep Elf Fire Elementalist began the quest for the Orb.
     0 | D:1      | Reached XP level 1. HP: 10/10 MP: 6/6
   128 | D:1      | Reached XP level 2. HP: 15/15 MP: 1/8
   835 | D:1      | Reached XP level 3. HP: 19/19 MP: 6/9
  1080 | D:1      | Learned a level 2 spell: Throw Flame
  1084 | D:1      | Learned a level 3 spell: Conjure Flame
  1138 | D:2      | Slain by a hobgoblin

Vault maps used:
D:1:      dpeg_arrival_tiny_h
D:2:      minitemple, first_ration, minmay_box_of_dots, uniq_natasha, uniq_robin

Skill      XL: |  1  2 |
---------------+-------+-----
Stealth        | 3 |  3.0
Dodging        | |  2.9
Spellcasting   | |  3.4
Conjurations   | |  1.9
Fire Magic     | |  3.6

Action                   || total
-------------------------++-------
Melee: Dagger            ||    20
Throw: Stone             ||    19
 Cast: Flame Tongue      ||    49
Armor: Robe              ||    16
Dodge: Dodged            ||    38

Table legend:
 A = Spawn XP
 B = Non-spawn XP
 C = Spawn XP percentage of total XP
 D = Spawn monster count
 E = Non-spawn monster count
 F = Spawn count percentage of total count
 G = Total turns spent on level
                    A         B        C        D         E        F      G
               +---------+---------+-------+---------+---------+-------+---------
         Total |       0 |      56 |   0.0 |       0 |      29 |   0.0 |  1138
               +---------+---------+-------+---------+---------+-------+---------
           D:1 |       0 |      48 |   0.0 |       0 |      25 |   0.0 |  1107
           D:2 |       0 |       8 |   0.0 |       0 |       4 |   0.0 |    31
               +---------+---------+-------+---------+---------+-------+---------
